 Dungeon Crawl Stone Soup version 0.30-a0-364-gf6b3ef1049 (webtiles) character file.

Game seed: 5847751356743705312

203 hikkokomori the Firebug (level 5, -2/28 HPs)
             Began as a Gargoyle Fire Elementalist on Nov 15, 2022.
             Slain by an orc
             ... wielding a +0 mace
              (7 damage)
             ... on level 3 of the Dungeon.
             The game lasted 00:04:17 (2907 turns).

hikkokomori the Firebug (GrFE)                      Turns: 2907, Time: 00:04:18

Health: -2/28      AC:  8    Str: 12    XL:     5   Next: 81%
Magic:  10/10      EV: 12    Int: 17    God:
Gold:   182        SH:  0    Dex: 10    Spells: 9/10 levels left

rFire   + . .      SeeInvis .    h - +0 longbow
rCold   . . .      Faith    .    (shield currently unavailable)
rNeg    + . .      Spirit   .    o - +1 robe {rF+}
rPois   ∞          Reflect  .    (no helmet)
rElec   +          Harm     .    (no cloak)
rCorr   .          Rampage  .    n - +0 pair of gloves
Will    .....                    (no boots)
Stlth   ++........               (no amulet)
HPRegen 0.24/turn                (no ring)
MPRegen 0.12/turn                (no ring)

@: mighty
A: sickness immunity, AC +4, negative energy resistance 1, electricity
resistance, torment resistance 1, petrification resistance
a: no special abilities


You were on level 3 of the Dungeon.
You visited 1 branch of the dungeon, and saw 4 of its levels.

You collected 182 gold pieces.

Inventory:

Hand Weapons
 h - a +0 longbow (weapon)
Missiles
 m - a throwing net
Armour
 a - a +0 robe
 n - a +0 pair of gloves (worn)
 o - a +1 robe of fire resistance (worn)
 q - the +0 robe "Weoxyluu" {rC+}
   (You took it off a goblin on level 3 of the Dungeon)

   rC:        It protects you from cold.
Magical Staves
 z - a staff of fire
Jewellery
 r - a ring of protection from cold
Scrolls
 c - a scroll of acquirement {unknown}
 d - 5 scrolls of identify {unknown}
 i - a scroll of teleportation {unknown}
 k - a scroll of amnesia {unknown}
 l - a scroll of vulnerability {unknown}
 t - 2 scrolls of summoning {unknown}
 v - 2 scrolls of enchant weapon {unknown}
 w - 2 scrolls of magic mapping {unknown}
 y - a scroll of noise {unknown}
 A - a scroll of enchant armour {unknown}
 C - a scroll of poison {unknown}
Potions
 b - a potion of magic
 e - a potion of heal wounds {unknown}
 f - a potion of degeneration {unknown}
 g - a potion of ambrosia {unknown}
 j - a potion of might
 p - a potion of mutation {unknown}
 s - a potion of haste {unknown}
 u - a potion of flight {unknown}
 x - a potion of attraction {unknown}
 B - a potion of brilliance {unknown}


   Skills:
 + Level 2.6 Ranged Weapons
 - Level 1.7 Dodging
 - Level 2.3 Stealth
 + Level 3.3 Spellcasting
 - Level 1.6 Conjurations
 + Level 4.2 Fire Magic


You had 9 spell levels left.
You knew the following spells:

 Your Spells              Type           Power      Damage    Failure   Level
a - Foxfire               Conj/Fire      48%        2x1d6     4%          1

Your spell library contained the following spells:

 Spells                   Type           Power      Damage    Failure   Level
 Scorch                   Fire           34%        2d7       4%          2
 Inner Flame              Hex/Fire       10%        N/A       22%         3
 Kindle Blastsparks       Fire/Tloc/Air  14%        2d11      28%         3
 Flame Wave               Conj/Fire      12%        2d6       45%         4


Dungeon Overview and Level Annotations

Branches:
Dungeon (4/15)
 Temple: D:4-7

Altars:
Uskayaw

Shops:
D:1 [


Innate Abilities, Weirdness & Mutations

You are immune to sickness and miasma.
Your stone body is resilient. (AC +4)
You are immune to poison.
You resist negative energy. (rN+)
You are resistant to electric shocks. (rElec)
You are resistant to unholy torment.
You are immune to petrification.


Message History

You shoot an arrow. The arrow hits the orc.
You kill the orc!
The orc wizard casts a spell at you. You resist with some effort.
The orc closely misses you. The orc hits you but does no damage.
You shoot an arrow. The arrow hits the orc wizard.
The orc wizard is almost dead.
The orc wizard closely misses you. The orc barely misses you.
The orc hits you with a +0 mace. The orc wizard completely misses you.
The orc hits you but does no damage. The orc hits you with a +0 mace.
You are too injured to fight recklessly!
You are too injured to fight recklessly!
You are too injured to fight recklessly!
You are too injured to fight recklessly!
You are too injured to fight recklessly!
You are too injured to fight recklessly!
You are too injured to fight recklessly!
You are too injured to fight recklessly!
You are too injured to fight recklessly!
You are too injured to fight recklessly!
You are too injured to fight recklessly!
You are too injured to fight recklessly!
You are too injured to fight recklessly!
You are too injured to fight recklessly!
You are too injured to fight recklessly!
You are too injured to fight recklessly!
You are too injured to fight recklessly!
You are too injured to fight recklessly!
You are too injured to fight recklessly!
You shoot an arrow.
The arrow closely misses the orc wizard.
The orc wizard hits you with a +0 dagger.
The orc misses you. x2
Unknown command.
You shoot an arrow. The arrow closely misses the orc.
The orc wizard casts a spell at you. The puff of flame hits you. You resist.
* * * LOW HITPOINT WARNING * * *
The orc barely misses you. The orc hits you with a +0 mace!
You die...

#. ########. #........
############ #........
#..........# #........
#..........# #.....(..
#..........# ###.......#
#..........# #.........#
#........@o# #...#######
#.......o)o# #...#
#..........# #...#######
#.........)#####...'......
#..................#######
#########'#...............
#.#####...##...... #.#
######...... #.# #......


You could see an orc wizard and 2 orcs.

Vanquished Creatures
  A scorpion (D:4)
  A hound (D:3)
  An iguana (D:4)
  A gnoll (D:4)
  An ufetubus (D:4)
  2 worms (D:3)
  A dart slug (D:4)
  9 orcs (D:3)
  2 ball pythons
  3 bats
  3 endoplasms
  3 giant cockroaches
  8 goblins
  5 hobgoblins
  4 jackals (D:1)
  A quokka (D:2)
  2 frilled lizards
  8 kobolds
  4 rats
60 creatures vanquished.

Vanquished Creatures (others)
  51 foxfires
51 creatures vanquished.

Grand Total: 111 creatures vanquished

Notes
Turn   | Place    | Note
-------+----------+-------------------------------------------
     0 | D:1      | hikkokomori the Gargoyle Fire Elementalist began the quest
                  | for the Orb.
     0 | D:1      | Reached XP level 1. HP: 10/10 MP: 3/3
   363 | D:1      | Reached XP level 2. HP: 15/15 MP: 0/5
   620 | D:1      | Found Zequts's Armour Shop.
  1009 | D:2      | Reached XP level 3. HP: 15/19 MP: 6/6
  1855 | D:3      | Found a faded altar of an unknown god.
  1860 | D:3      | Identified the +0 robe "Weoxyluu" {rC+}
  1862 | D:3      | Reached skill level 1 in Ranged Weapons
  2122 | D:3      | Found a hide-covered altar of Uskayaw.
  2259 | D:3      | Reached XP level 4. HP: 2/24 MP: 7/7
  2668 | D:4      | Noticed a scorpion
  2675 | D:4      | Killed a scorpion
  2676 | D:4      | Reached skill level 4 in Fire Magic
  2676 | D:4      | Reached XP level 5. HP: 28/28 MP: 9/9
  2907 | D:3      | Slain by an orc

Illustrated notes

Levels and vault maps discovered:
D:1:      lemuel_arrival_muddy, layout_basic, serial_shops, shop,
          minmay_misc_feat_pillars, minmay_pentomino_t4
D:2:      layout_basic
D:3:      layout_basic, nicolae_uskayaw_dance_hall, basic_ecumenical_altar
D:4:      layout_rooms, nicolae_yredelemnul_corpse_copse, grunt_ministairs_11,
          uniq_eustachio

Skill      XL: |  1  2  3  4 |
---------------+-------------+-----
Ranged Weapons | 1 2 |  2.6
Spellcasting   | 3 |  3.3
Fire Magic     | 4 |  4.2
Dodging        | |  1.7
Stealth        | |  2.3
Conjurations   | |  1.6

Action                   |  1- 3 |  4- 6 || total
-------------------------+-------+-------++-------
Melee: Unarmed           |     2 |       ||     2
 Fire: Longbow           |   100 |    88 ||   188
 Cast: Foxfire           |    30 |     1 ||    31
  Use: Potion            |       |     3 ||     3
Armor: Robe              |    41 |    59 ||   100
Dodge: Dodged            |    62 |    93 ||   155

Table legend: (Time is in decaauts)
 A = Elapsed time spent in this place.
 B = Non-inter-level travel time spent in this place.
 C = Inter-level travel time spent in this place.
 D = Time resting spent in this place.
 E = Time spent auto-exploring this place.
 F = Levels seen in this place.
 G = Mean time per level.
                   A        B        C        D        E       F      G
               +--------+--------+--------+--------+--------+-----+--------+
         Total |   3026 |   2942 |     84 |     82 |   2319 |   4 |  756.5 |
       Dungeon |   3026 |   2942 |     84 |     82 |   2319 |   4 |  756.5 |
               +--------+--------+--------+--------+--------+-----+--------+

Top non-repeatable levels by time:
     D:3: 1065 daAuts
     D:1: 991 daAuts
     D:2: 728 daAuts
     D:4: 241 daAuts
